 Dungeon Crawl Stone Soup version 0.26.0-10-g1f06aea511 (webtiles) character file.

Game seed: 13920963148829093655

184 MisterFreud the Skirmisher (level 5, 0/46 HPs)
             Began as a Formicid Fire Elementalist on Jan 16, 2021.
             Slain by an orc wizard
             ... wielding a +0 dagger
              (1 damage)
             ... on level 6 of the Dungeon.
             The game lasted 00:09:06 (4182 turns).

MisterFreud the Skirmisher (FoFE)                   Turns: 4182, Time: 00:09:06

Health: 0/46       AC:  3    Str: 14    XL:     5   Next: 96%
Magic:  5/8        EV: 12    Int: 14    God:
Gold:   180        SH:  0    Dex: 11    Spells: 7/8 levels left

rFire    . . .     SeeInvis +   q - +0 short sword
rCold    . . .     Faith    .   (no shield)
rNeg     + . .     Spirit   .   a - +0 robe
rPois    .         Reflect  .   (helmet unavailable)
rElec    .         Harm     .   w - +0 cloak
rCorr    .         Rampage  .   (no gloves)
Will     .....                  (no boots)
Stlth    +.........             (no amulet)
HPRegen  0.15/turn              k - ring of positive energy
MPRegen  0.11/turn              (no ring)

@: very slow
A: permanent stasis, dig shafts and tunnels, four strong arms, antennae 3
a: Dig, Shaft Self


You were on level 6 of the Dungeon.
You visited 1 branch of the dungeon, and saw 5 of its levels.

You collected 180 gold pieces.

Inventory:

Hand Weapons
 e - a +0 dagger
 q - a +0 short sword (weapon)
Missiles
 h - 41 sling bullets
 j - 99 bolts
 u - 89 stones
Armour
 a - a +0 robe (worn)
 o - a +0 chain mail
 w - a +0 cloak (worn)
Jewellery
 k - a ring of positive energy (left hand)
Scrolls
 b - 4 scrolls of identify {unknown}
 c - 3 scrolls of remove curse
 d - a scroll of teleportation {unknown}
 f - 3 scrolls of enchant armour {unknown}
 g - a scroll of enchant weapon {unknown}
 i - a scroll of blinking {unknown}
 l - a scroll of noise {unknown}
 n - 2 scrolls of magic mapping {unknown}
 t - 2 scrolls of fear {unknown}
 v - 3 scrolls of immolation {unknown}
 y - a scroll of amnesia {unknown}
Potions
 m - a potion of curing
 p - 4 potions of lignification
 r - a potion of cancellation {unknown}
 s - a potion of attraction {unknown}
 x - a potion of heal wounds {unknown}
 z - a potion of berserk rage {unknown}


   Skills:
 + Level 5.7 Fighting
 - Level 1.7 Dodging
 - Level 2.4 Stealth
 - Level 2.1 Spellcasting
 - Level 0.8 Conjurations
 - Level 3.0 Fire Magic


You had 7 spell levels left.
You knew the following spells:

 Your Spells              Type           Power        Failure   Level
a - Foxfire               Conj/Fire      24%          11%         1

Your spell library contained the following spells:

 Spells                   Type           Power        Failure   Level
 Conjure Flame            Conj/Fire      6%           32%         3
 Inner Flame              Hex/Fire       5%           36%         3
 Sticky Flame             Conj/Fire      6%           71%         4
 Fireball                 Conj/Fire      3%           96%         5


Dungeon Overview and Level Annotations

Branches:
Dungeon (6/15)
 Temple: D:4-7

Altars:
Trog
Xom


Innate Abilities, Weirdness & Mutations

You cannot be hasted, slowed, berserked, paralysed or teleported.
You can dig through walls and to a lower floor.
Your four strong arms can wield two-handed weapons with a shield.
You have a pair of large antennae on your head. (SInv)


Message History

Unknown command.
Unknown command.
You barely miss the orc wizard.
The orc wizard is severely wounded.
You are engulfed in a cloud of scalding steam.
* * * LOW HITPOINT WARNING * * *
The orc wizard splashes around in the water.
The orc hits you.
* * * LOW HITPOINT WARNING * * *
The orc splashes around in the water.
Unknown command.
Okay, then.
Unknown command.
Unknown command.
Unknown command.
The orc wizard points at you and mumbles some strange words.
You resist with some effort. The orc hits you.
* * * LOW HITPOINT WARNING * * *
The orc wizard hits you with a +0 dagger.
You die...

{ #.######.#.#
#.....B....#
##..###..###
############# ##.# #..#
.....o$o....#####.# #..#
###########....†..# #..#
###).....≈# #..#
#.#≈≈..ooo# #..#
###{##≈≈8≈@## #..#
##....##≈≈≈#####<.#
#......#####......#
#........#######.#######
#.....{...{....#........
#...♣..#######....######
#..♣..{)......)..##
######.....)###########
..>.........#


You could see an orc wizard (invisible) and 2 orcs.

Vanquished Creatures
  2 orc wizards (D:6)
  2 gnolls
  2 adders (D:2)
  2 oozes (D:3)
  2 worms
  2 dart slugs
  3 leopard geckos (D:2)
  6 orcs
  5 giant cockroaches
  6 goblins
  11 hobgoblins
  4 jackals (D:2)
  7 bats
  A frilled lizard (D:1)
  7 kobolds
  6 rats
  A foxfire (D:6)
69 creatures vanquished.

Vanquished Creatures (others)
  164 foxfires
164 creatures vanquished.

Grand Total: 233 creatures vanquished

Notes
Turn   | Place    | Note
-------+----------+-------------------------------------------
     0 | D:1      | MisterFreud the Formicid Fire Elementalist began the quest
                  | for the Orb.
     0 | D:1      | Reached XP level 1. HP: 13/13 MP: 3/3
   291 | D:1      | Reached skill level 1 in Fighting
   349 | D:1      | Reached XP level 2. HP: 13/22 MP: 0/5
   569 | D:1      | Reached skill level 2 in Fighting
  1024 | D:1      | Found a bloodstained altar of Trog.
  1097 | D:1      | Reached XP level 3. HP: 28/28 MP: 2/6
  1505 | D:2      | Reached skill level 3 in Fighting
  2191 | D:2      | Reached XP level 4. HP: 6/37 MP: 0/7
  2195 | D:2      | You fall into a shaft and drop 1 floor!
  2230 | D:2      | HP: 2/55 [poisoned by an adder]
  2235 | D:2      | Reached skill level 4 in Fighting
  3302 | D:3      | Reached XP level 5. HP: 29/43 MP: 3/8
  3527 | D:3      | Reached skill level 5 in Fighting
  3669 | D:3      | You fall into a shaft and drop 3 floors!
  3669 | D:6      | Found a shimmering altar of Xom.
  3758 | D:6      | HP: 1/44 [orc wizard/puff of flame (7)]
  4074 | D:5      | Entered Level 5 of the Dungeon
  4088 | D:5      | Noticed an ogre
  4181 | D:6      | HP: 2/46 [orc (3)]
  4182 | D:6      | Slain by an orc wizard

Illustrated notes

Levels and vault maps discovered:
D:1:      zelgadis_glass_arrival_small, layout_basic,
          minmay_misc_feat_four_crosses, kennysheep_flooded_box
D:2:      layout_loops_corners, hangedman_decor_growths,
          minmay_misc_feat_ornament, kennysheep_generic_room_5
D:3:      layout_rooms, nzn_wu_jian_council_hall
D:5:      layout_gridville
D:6:      cheibrodos_steamvent, layout_loops_ring, vehumet_altar_wand_db,
          lemuel_crystal_altar, kennysheep_nub, chequers_mini_garden,
          uniq_grinder

Skill      XL: |  1  2  3  4  5 |
---------------+----------------+-----
Fighting       | 1 2 3 4 5 |  5.7
Dodging        | |  1.7
Stealth        | |  2.4
Spellcasting   | |  2.1
Conjurations   | |  0.8
Fire Magic     | |  3.0

Action                   |  1- 3 |  4- 6 || total
-------------------------+-------+-------++-------
Melee: Dagger            |    29 |       ||    29
       Unarmed           |     2 |       ||     2
       Short sword       |    68 |    95 ||   163
 Cast: Foxfire           |    52 |    51 ||   103
 Abil: Shaft Self        |       |     1 ||     1
       Dig               |       |     1 ||     1
  Use: Potion            |       |     4 ||     4
       Scroll            |       |     1 ||     1
 Stab: Sleeping          |     3 |     1 ||     4
Armor: Robe              |    32 |    22 ||    54
       Skin              |       |     8 ||     8
Dodge: Dodged            |   103 |   103 ||   206
